Map: Ruins of Seras

Players

Daeblo - Winner!

  • Race: Zerg Zerg
  • League: Gold

Javert

  • Race: Zerg Zerg
  • League: Platinum

VOD

Have the link to the VOD?

Description

Time

  • Played on: Aug. 22, 2015, 1:33 a.m.
  • Length: 14:32
Show
View Real Time Build Order
Export as new Build Order

Daeblo Zerg - Winner!

Build Orders: Hatch First, Lurkers 

Get SALT Encoding   

  12  0:01  Drone  
  13  0:10  Drone  
  14  0:35  Hatchery  
  13  0:39  Drone  
  14  0:56  Spawning Pool  
  13  1:04  Overlord  
  13  1:07  Drone  
  14  1:22  Drone x2  
  16  1:26  Drone  
  17  1:41  Drone  
  17  1:43  Queen  
  17  1:44  Extractor  
  19  1:48  Queen  
  19  1:52  Drone  
  22  1:58  Drone  
  22  2:00  Drone  
  24  2:02  Drone  
  25  2:09  Overlord  
  25  2:20  Drone x2  
  27  2:23  Drone  
  28  2:35  Drone x2  
  30  2:40  Overlord  
  30  2:48  Metabolic Boost, Drone  
  31  2:52  Queen  
  33  3:02  Roach Warren  
  33  3:03  Drone x3  
  33  3:04  Drone  
  36  3:07  Drone  
  36  3:09  Drone  
  38  3:14  Overlord  
  38  3:18  Drone  
  40  3:26  Drone x4  
  44  3:30  Overlord  
  44  3:31  Overlord  
  44  3:42  Lair, Extractor  
  44  3:47  Zergling x2  
  44  3:48  Zergling x4  
  46  3:52  Zergling x2  
  46  3:54  Zergling x4  
  49  3:58  Zergling x4  
  49  3:59  Zergling x2  
  52  4:07  Hatchery  
  52  4:09  Evolution Chamber  
  51  4:17  Drone  
  51  4:18  Evolution Chamber, Drone x2  
  51  4:19  Evolution Chamber  
  52  4:26  Drone x3  
  52  4:27  Drone  
  56  4:32  Spine Crawler  
  56  4:33  Spine Crawler  
  56  4:38  Drone x4  
  57  4:44  Zerg Missile Weapons Level 1  
  57  4:45  Roach Warren  
  57  4:47  Zerg Ground Armor Level 1  
  49  5:18  Drone x3  
  49  5:19  Drone x5  
  57  5:21  Extractor  
  57  5:22  Extractor  
  57  5:24  Glial Reconstitution  
  57  5:27  Roach  
  57  5:41  Hatchery  
  56  5:49  Roach x8  
  72  5:57  Hydralisk Den  
  72  5:58  Roach  
  72  6:01  Overlord x3  
  72  6:15  Roach  
  74  6:31  Roach  
  74  6:32  Roach x7  
  78  6:39  Zergling x2  
  75  6:40  Zergling x14  
  74  6:54  Zergling x2  
  74  6:55  Zergling x6  
  76  7:07  Queen  
  77  7:13  Lurker Den  
  77  7:14  Roach  
  77  7:15  Roach x8  
  93  7:27  Queen  
  95  7:49  Drone  
  95  7:50  Drone x7  
  103  7:52  Overlord x5  
  103  8:10  Overlord  
  103  8:11  Overlord  
  100  8:29  Hydralisk  
  100  8:30  Hydralisk x7  
  113  8:35  Drone  
  113  8:36  Drone x6  
  113  8:40  Zerg Missile Weapons Level 2  
  117  8:41  Zerg Ground Armor Level 2  
  117  8:59  Overseer  
  117  9:10  Lurker  
  117  9:11  Lurker x6  
  124  9:21  Extractor x2  
  122  9:33  Hatchery  
  122  9:34  Infestation Pit  
  117  10:09  Roach x6  
  117  10:10  Roach x11  
  151  10:14  Overlord x2  
  151  10:15  Overlord x3  
  151  10:19  Hive  
  151  10:41  Hydralisk  
  151  10:42  Hydralisk x11  
  175  10:50  Drone  
  175  10:51  Drone x8  
  184  11:32  Zerg Ground Armor Level 3, Zerg Missile Weapons Level 3  
  179  11:41  Extractor x2, Queen  
  179  11:59  Pneumatized Carapace  
  179  12:02  Overseer  
  179  12:14  Overlord x3, Spire  
  179  12:15  Hatchery, Hydralisk  
  177  12:16  Hydralisk x9  
  177  12:21  Muscular Augments  
  197  12:54  Overseer  
  189  13:14  Roach  
  189  13:15  Roach x4  
Show
View Real Time Build Order
Export as new Build Order

Javert Zerg 

Build Orders: Pool First, Lurkers 

Get SALT Encoding   

  12  0:01  Drone  
  13  0:14  Overlord  
  13  0:18  Drone  
  14  0:32  Drone x2  
  16  0:37  Drone  
  16  0:41  Extractor  
  16  0:48  Spawning Pool  
  15  0:53  Drone  
  16  0:59  Drone  
  17  1:09  Drone  
  18  1:25  Drone  
  18  1:27  Hatchery  
  18  1:36  Baneling Nest  
  17  1:45  Queen  
  19  1:50  Drone  
  19  1:53  Zergling x2  
  21  2:00  Overlord  
  21  2:06  Zergling x2  
  22  2:19  Baneling x2  
  22  2:24  Queen  
  22  2:29  Drone x2  
  26  2:38  Overlord  
  27  2:44  Drone  
  27  2:52  Drone x2  
  27  2:53  Drone x2  
  31  3:15  Drone  
  31  3:16  Drone x3  
  35  3:23  Baneling x2  
  35  3:37  Hatchery, Drone x5  
  39  3:43  Queen  
  41  3:49  Overlord  
  41  3:58  Metabolic Boost  
  41  4:04  Roach Warren  
  41  4:09  Drone x5  
  46  4:10  Drone  
  46  4:16  Extractor  
  45  4:27  Zergling x10  
  50  4:32  Spine Crawler  
  49  4:38  Overlord  
  49  4:39  Overlord  
  49  4:47  Roach  
  49  4:49  Overlord x2  
  50  5:14  Roach x10  
  50  5:17  Lair  
  50  5:18  Overlord  
  50  5:20  Extractor  
  67  5:23  Baneling x4  
  67  5:24  Baneling x2  
  67  5:29  Roach  
  67  5:31  Drone x3  
  72  5:39  Roach x2  
  72  5:42  Overlord  
  76  5:45  Drone x2  
  78  5:53  Evolution Chamber  
  78  5:54  Overlord x2  
  78  5:56  Drone  
  78  6:02  Overlord  
  78  6:03  Drone x3  
  83  6:11  Roach x3  
  83  6:15  Drone x2  
  77  6:43  Roach x5  
  77  6:44  Roach x4  
  93  6:55  Drone x3  
  93  6:56  Drone  
  97  7:07  Glial Reconstitution  
  87  7:11  Hatchery  
  87  7:12  Drone x2, Extractor  
  87  7:13  Drone x2  
  87  7:14  Extractor x2  
  79  7:27  Zerg Missile Weapons Level 1  
  79  7:34  Drone x9  
  79  7:36  Evolution Chamber  
  87  7:42  Drone  
  88  7:50  Roach  
  88  7:51  Roach x3  
  96  7:53  Ravager x2  
  98  8:12  Roach  
  100  8:13  Roach x5  
  109  8:36  Zerg Ground Armor Level 1  
  109  8:39  Overlord  
  109  8:55  Overlord x2  
  109  8:56  Queen x2  
  109  8:57  Queen  
  109  8:58  Overlord x2  
  115  9:09  Hydralisk Den, Queen  
  116  9:11  Drone x3  
  116  9:13  Roach x5  
  116  9:14  Roach  
  116  9:15  Drone x2  
  116  9:16  Drone x3  
  136  9:22  Zerg Missile Weapons Level 2  
  136  9:28  Drone x3  
  139  9:33  Evolution Chamber  
  139  9:34  Overlord  
  138  9:48  Lurker Den, Extractor  
  138  9:50  Hatchery  
  136  9:57  Overseer  
  136  10:04  Overlord x2  
  136  10:09  Overseer  
  136  10:11  Spine Crawler  
  136  10:12  Spine Crawler x2  
  133  10:14  Infestation Pit  
  133  10:19  Hydralisk x4  
  133  10:20  Hydralisk x4  
  148  10:28  Overlord x2  
  148  10:33  Drone x6  
  148  10:34  Drone  
  155  10:38  Zerg Ground Armor Level 2  
  155  10:40  Overlord  
  155  10:48  Overseer  
  155  10:49  Pneumatized Carapace  
  155  10:52  Queen  
  157  11:02  Overlord  
  157  11:13  Drone x7  
  164  11:32  Roach x6  
  174  11:33  Roach x13  
  194  11:40  Overseer x2  
  194  11:41  Spine Crawler x3  
  191  11:47  Overlord  
  191  11:49  Drone x3  
  191  11:50  Drone x2  
  191  11:54  Hive  
  196  11:56  Overlord  
  196  11:57  Overlord x2  
  196  12:02  Lurker x4  
  196  12:04  Overlord  
  200  12:17  Overlord  
  200  12:20  Extractor  
  199  12:26  Burrow  
  199  12:27  Overlord x2  
  199  12:30  Zerg Melee Weapons Level 1  
  199  12:37  Overlord x3  
  197  12:56  Overlord x3  
  197  13:01  Extractor  
  197  13:02  Hatchery  
  197  13:04  Extractor  
  188  13:13  Hydralisk x6  
  188  13:18  Overlord  
  198  13:27  Overlord  
  198  13:31  Ravager x2  
  198  13:32  Overlord  
  198  13:33  Overlord  
  200  13:51  Spine Crawler  
  200  13:53  Ultralisk Cavern  
  198  13:58  Spire  
  189  14:08  Hydralisk x9  
  188  14:20  Lurker  
  188  14:21  Lurker x8  
Tags
 
Add a new tag
Caveats
  • Supply blocks, unpowered buildings, or Contaminate may cause inaccurate times.
  • Supply counts are checked every 10 seconds.